 Dungeon Crawl Stone Soup version 0.28.0-53-g5a82cb258f (webtiles) character file.

Game seed: 5564270000920358954

947 issech the Cleaver (level 7, 0/63 HPs)
             Began as a Minotaur Monk on June 1, 2022.
             Splashed by a jelly's acid (3 damage)
             ... on level 5 of the Dungeon.
             The game lasted 00:15:27 (5450 turns).

issech the Cleaver (Minotaur Monk)                  Turns: 5450, Time: 00:15:28

Health: 0/63       AC: 11    Str: 16    XL:     7   Next: 89%
Magic:  6/6        EV:  8    Int:  7    God:
Gold:   178        SH:  0    Dex: 14    Spells: 6/6 levels left

rFire   . . .      SeeInvis .   z - +4 hand axe
rCold   . . .      Faith    .   (no shield)
rNeg    . . .      Spirit   .   l - +0 chain mail
rPois   .          Reflect  .   (helmet restricted)
rElec   .          Harm     .   m - +0 cloak
rCorr   .          Rampage  .   (no gloves)
Will    .....                   (no boots)
Stlth   ..........              (no amulet)
HPRegen 0.20/turn               (no ring)
MPRegen 0.10/turn               (no ring)

@: no status effects
A: horns 2, retaliatory headbutt
a: no special abilities


You were on level 5 of the Dungeon.
You visited 1 branch of the dungeon, and saw 5 of its levels.

You collected 178 gold pieces.

Inventory:

Hand Weapons
 b - a +2 short sword of freezing
 i - a +0 glaive
 k - a +0 rapier
 n - a +0 war axe
 p - a +0 broad axe
 s - a +2 dagger of venom
 u - a +1 mace of holy wrath
 x - a +1 dagger of draining
 z - a +4 hand axe (weapon)
Missiles
 d - 107 stones (quivered)
 e - 6 poisoned darts
 j - 2 boomerangs
 A - 31 arrows
Armour
 f - a +0 scale mail
 l - a +0 chain mail (worn)
 m - a +0 cloak (worn)
Scrolls
 c - a scroll of blinking
 g - a scroll of amnesia {unknown}
 h - a scroll of fog
 o - 2 scrolls of teleportation
 y - a scroll of acquirement
Potions
 a - a potion of attraction {unknown}
 q - a potion of magic {unknown}
 r - 2 potions of heal wounds {unknown}
 t - a potion of invisibility {unknown}
 v - a potion of resistance {unknown}
 w - a potion of curing {unknown}


   Skills:
 + Level 6.1 Fighting
 + Level 8.0 Axes
 + Level 5.0 Armour
 + Level 4.5 Dodging
 + Level 2.0 Stealth


You had 6 spell levels left.
You didn't know any spells.
Your spell library contained the following spells:

 Spells                   Type           Power      Damage    Failure   Level
 Animate Skeleton         Necr           0%         N/A       100%        1
 Apportation              Tloc           0%         N/A       100%        1
 Magic Dart               Conj           0%         1d3       100%        1
 Sting                    Tmut/Pois      0%         1d3       100%        1
 Summon Small Mammal      Summ           0%         N/A       100%        1
 Call Imp                 Summ           0%         N/A       100%        2
 Ensorcelled Hibernation  Hex/Ice        0%         N/A       100%        2
 Passwall                 Tmut/Erth      0%         N/A       100%        2
 Gell's Gravitas          Tloc           0%         N/A       100%        3
 Lesser Beckoning         Tloc           0%         N/A       100%        3
 Mephitic Cloud           Conj/Pois/Air  0%         N/A       100%        3
 Swiftness                Air            0%         N/A       100%        3
 Teleport Other           Tloc           0%         N/A       100%        3
 Conjure Ball Lightning   Conj/Air       0%         3x3d6     100%        6
 Discord                  Hex            0%         N/A       100%        8
 Disjunction              Tloc           0%         N/A       100%        8


Dungeon Overview and Level Annotations

Branches:
Dungeon (5/15)
 Temple: D:4-7

Altars:
Sif Muna


Innate Abilities, Weirdness & Mutations

You have a pair of horns on your head.
You reflexively headbutt those who attack you in melee.


Message History

The adder closely misses you. You furiously retaliate!
You headbutt the adder. The adder bites you but does no damage.
You see here a +0 robe.
You slash the adder!
You kill the adder!
You hit the jelly. The acid corrodes you!
Your hands burn!
* * * LOW HITPOINT WARNING * * *
You headbutt the jelly.
The jelly is heavily wounded.
The jelly hits you.
* * * LOW HITPOINT WARNING * * *
You are splashed with acid!
* * * LOW HITPOINT WARNING * * *
The jelly hits you but does no damage.
Found a short sword.
The hound stops to sniff the ground.
Found a scroll labelled LOHIUNIREJ.
You are no longer corroded.
The hound bites you but does no damage. The hound bites you but does no damage.
The hound bites you but does no damage. The hound bites you.
* * * LOW HITPOINT WARNING * * *
The hound bites you but does no damage. The hound bites you.
* * * LOW HITPOINT WARNING * * *
The hound bites you.
* * * LOW HITPOINT WARNING * * *
The hound bites you.
* * * LOW HITPOINT WARNING * * *
You slash the hound! Your headbutt misses the hound.
The hound is severely wounded.
The hound stops to sniff the ground.
The hound bites you.
* * * LOW HITPOINT WARNING * * *
You slash the hound!
You kill the hound!
Your Armour skill increases to level 5!
You hit the jelly.
Your hands burn!
You die...

##.......## #.#.##.# ##.....##
#.####.# ##...## #.####.# ##+#
#....... #.# ######.# #.# #.#
##.## #.# #.###########...##
#.# #......Sco.J@....# #.#
#######.#####...## #.# #.#
##.############.# #.#
#..............#
########o#####################
.......S.....(Š...#
..####....#...##..#
#....#...###.#
######....##..###.#


You could see a centaur, a jelly, an adder and an orc.

Vanquished Creatures
  The ghost of pkoi the Conjurer, an amateur DgWz (D:4)
  A sky beast (D:5)
  A necrophage (D:4)
  A scorpion (D:4)
  A howler monkey (D:4)
  A centaur zombie (D:4)
  2 jellies
  2 orc priests (D:3)
  2 hounds
  An iguana (D:4)
  3 orc wizards
  A killer bee zombie (D:4)
  7 gnolls
  7 adders
  2 worms
  2 dart slugs
  9 orcs
  6 endoplasms
  4 giant cockroaches
  7 goblins
  8 hobgoblins
  5 jackals
  5 kobolds
  4 quokkas
  10 ball pythons
  6 bats
  2 frilled lizards
  3 rats
104 creatures vanquished.

Vanquished Creatures (others)
  A plant (D:1)
1 creature vanquished.

Grand Total: 105 creatures vanquished

Notes
Turn   | Place    | Note
-------+----------+-------------------------------------------
     0 | D:1      | issech the Minotaur Monk began the quest for the Orb.
     0 | D:1      | Reached XP level 1. HP: 19/19 MP: 0/0
   537 | D:1      | Found a faded altar of an unknown god.
   545 | D:1      | Got Plato's Disquisition on Changing
   635 | D:1      | Reached XP level 2. HP: 26/27 MP: 1/1
   804 | D:1      | Reached skill level 4 in Axes
  1046 | D:1      | Reached XP level 3. HP: 30/33 MP: 2/2
  1426 | D:2      | Reached XP level 4. HP: 39/41 MP: 3/3
  2018 | D:2      | Reached skill level 5 in Axes
  2357 | D:2      | Reached XP level 5. HP: 41/47 MP: 4/4
  3258 | D:3      | You fall into a shaft and drop 2 floors!
  3258 | D:5      | Entered Level 5 of the Dungeon
  3654 | D:3      | Reached skill level 5 in Fighting
  3912 | D:3      | Found a shimmering blue altar of Sif Muna.
  3972 | D:3      | Reached XP level 6. HP: 47/56 MP: 5/5
  4200 | D:3      | Reached skill level 6 in Axes
  4518 | D:4      | Reached XP level 7. HP: 56/61 MP: 6/6
  4876 | D:4      | Reached skill level 7 in Axes
  5056 | D:4      | Found a runed translucent door.
  5059 | D:4      | Noticed pkoi's ghost (amateur DgWz)
  5074 | D:4      | Killed pkoi's ghost
  5164 | D:4      | Identified a scroll of acquirement
  5386 | D:5      | Reached skill level 8 in Axes
  5446 | D:5      | HP: 3/63 [hound (1)]
  5450 | D:5      | Reached skill level 5 in Armour
  5450 | D:5      | Splashed by a jelly's acid

Illustrated notes

Levels and vault maps discovered:
D:1:      co_arrival_square_in_a_square_in_a_square, layout_loops_ring,
          shapermc_ecumenical_altar_rom_forum, moated_statue,
          grunt_decor_arrowhead
D:2:      layout_basic, kennysheep_nondescript
D:3:      layout_loops_ring, mainiacjoe_overflow_alcove_2
D:4:      layout_loops_cross, gammafunk_ghost_grave, hangedman_minor_gate_pass
D:5:      minmay_recursive_quarters, layout_loops_corners

Skill      XL: |  1  2  3  4  5  6  7 |
---------------+----------------------+-----
Axes           | 4 5 6 8 |  8.0
Fighting       | 4 5 6 |  6.1
Dodging        | 4 |  4.5
Stealth        | 2 |  2.0
Armour         | 2 3 5 |  5.0

Action                   |  1- 3 |  4- 6 |  7- 9 || total
-------------------------+-------+-------+-------++-------
Melee: Hand axe          |    52 |    55 |    64 ||   171
       Punch             |     1 |       |       ||     1
       Headbutt          |     6 |    20 |    13 ||    39
       War axe           |       |    76 |       ||    76
  Use: Scroll            |       |       |     4 ||     4
Armor: Robe              |     6 |       |       ||     6
       Ring mail         |     5 |     6 |       ||    11
       Chain mail        |       |    76 |    30 ||   106
Dodge: Dodged            |    47 |    69 |    22 ||   138
